 Dungeon Crawl Stone Soup version 0.23.2-11-gf996548 (webtiles) character file.

Game seed: 7019216085651947494

1145 alinkarius the Skirmisher (level 8, -14/73 HPs)
             Began as a Hill Orc Berserker on June 5, 2019.
             Was an Initiate of the Shining One.
             Demolished by a polar bear (17 damage)
             ... created by the rage of Trog
             ... on level 6 of the Dungeon.
             The game lasted 01:09:48 (3575 turns).

alinkarius the Skirmisher (Hill Orc Berserker)      Turns: 3575, Time: 01:09:49

Health: -14/73     AC: 10    Str: 22    XL:     8   Next: 37%
Magic:  8/8        EV:  4    Int:  7    God:    the Shining One [......]
Gold:   158        SH: 13    Dex: 10    Spells: 7/7 levels left

rFire    . . .     SeeInvis .   x - +2 whip (elec)
rCold    . . .     Gourm    .   d - +0 large shield
rNeg     . . .     Faith    .   s - +0 chain mail
rPois    .         Spirit   .   G - +0 hat
rElec    .         Reflect  .   (no cloak)
rCorr    .         Harm     .   (no gloves)
MR       .....                  E - +0 pair of boots
Stlth    ..........             Q - amulet of rage
HPRegen  0.22/turn              (no ring)
MPRegen  0.11/turn              (no ring)

@: about to teleport, glowing
A: no striking features
a: Renounce Religion, Evoke Berserk Rage


You were on level 6 of the Dungeon.
You worshipped the Shining One.
The Shining One was noncommittal.
You were not hungry.

You visited 2 branches of the dungeon, and saw 7 of its levels.

You collected 158 gold pieces.

Inventory:

Hand Weapons
 a - a +0 mace
 e - a +0 dagger
 g - a +0 dagger
 l - a +0 dagger
 p - a +0 hand axe
 u - a +0 flail
 x - a +2 whip of electrocution (weapon)
 B - a +0 rapier
 I - a +0 quarterstaff
 L - a +0 short sword
Missiles
 k - 26 sling bullets
 m - 41 stones (quivered)
 o - 9 poisoned needles
 r - 45 arrows
 A - 37 bolts
Armour
 b - a +0 animal skin
 d - a +0 large shield (worn)
 q - a +0 robe
 s - a +0 chain mail (worn)
 t - a +0 chain mail
 y - a +0 robe
 z - a +0 leather armour
 C - a +0 leather armour
 D - a +0 chain mail
 E - a +0 pair of boots (worn)
 F - a +0 scale mail
 G - a +0 hat (worn)
Jewellery
 f - an uncursed ring of ice
 Q - an amulet of rage (around neck)
Wands
 w - a wand of clouds (5)
 H - a wand of iceblast (10)
 J - a wand of acid (8)
Scrolls
 h - a scroll of remove curse
 j - 2 scrolls of noise
 n - a scroll of fog
 M - a scroll of acquirement {unknown}
 P - a scroll of immolation {unknown}
Potions
 i - 3 potions of lignification
 N - a potion of brilliance
Comestibles
 c - 2 rations


   Skills:
 * Level 7.1 Fighting
 + Level 1.2(5.4) Axes
 + Level 7.0(7.1) Maces & Flails
 + Level 4.3 Armour
 + Level 3.1 Dodging
 + Level 0.2 Stealth
 + Level 2.7 Shields
 * Level 0.6 Evocations


You had 7 spell levels left.
You didn't know any spells.
Your spell library was empty.

Dungeon Overview and Level Annotations

Branches:
Dungeon (6/15)             Temple (1/1) D:6

Altars:
Cheibriados
Dithmenos
Elyvilon
Fedhas
Gozag
Hepliaklqana
Kikubaaqudgha
Makhleb
Nemelex Xobeh
Okawaru
Ru
Sif Muna
Trog
Uskayaw
Vehumet
Wu Jian
Xom
The Shining One

Shops:
D:4 *


Message History

The polar bear bites you but does no damage.
You block the polar bear's attack.
The polar bear claws you but does no damage.
The polar bear bites you but does no damage.
You block the polar bear's attack. x2; The polar bear bites you!
* * * LOW HITPOINT WARNING * * *
The polar bear claws you.
* * * LOW HITPOINT WARNING * * *
The polar bear claws you but does no damage.
As you read the scroll labeled NUMMEWEROGI, it crumbles to dust.
You assume a fearsome visage.
It was a scroll of fear.
You block the polar bear's attack.
The polar bear claws you but does no damage. x2
You block the polar bear's attack.
The polar bear claws you but does no damage.
You block the polar bear's attack.
As you read the scroll labeled EXUAGA XYEJ, it crumbles to dust.
You feel strangely unstable.
It was a scroll of teleportation.
The polar bear bites you!
You die...

#.#.##..#.##.##..#...............
#.#.....#.......##..............#
#....##....#.##.###............#
#.##....##.#......#...#####..###
#....##......##.#.......##.....##
...#....>.##.....#.........<....#
...#.##......#...................
........##.#.#.hhh...............
..##.#.....#....@h...............
.....#..##....#.#................
..##.......##.#.#................
......##.#......#................
#.§##....#...##.#...............#
#§§§..§............<...........##
####.##.##..............########.
#§......#.###.................
#.§...##..# #........#########


You could see 2 polar bears and 2 black bears.

Vanquished Creatures
  Pikel (D:4)
  A dancing weapon (D:5)
  Eustachio (D:4)
  A sky beast (D:5)
  A bullfrog (D:6)
  A wyvern zombie (D:6)
  A scorpion (D:4)
  2 hounds
  2 orc wizards (D:6)
  An orc priest (D:6)
  A bullfrog skeleton (D:6)
  A centaur skeleton (D:5)
  A hound skeleton (D:6)
  A howler monkey skeleton (D:5)
  An adder (D:6)
  A shadow imp (D:5)
  A dart slug (D:1)
  3 worms
  A leopard gecko (D:4)
  3 orcs
  A ball python (D:4)
  2 giant cockroaches (D:1)
  3 hobgoblins
  5 jackals (D:6)
  3 kobolds (D:1)
  4 bats
  3 frilled lizards
  6 goblins
  A leopard gecko skeleton (D:4)
  A leopard gecko zombie (D:6)
  3 rats
58 creatures vanquished.

Notes
Turn   | Place    | Note
-------+----------+-------------------------------------------
     0 | D:1      | alinkarius the Hill Orc Berserker began the quest for the
                  | Orb.
     0 | D:1      | Reached XP level 1. HP: 19/19 MP: 1/1
   259 | D:1      | Reached XP level 2. HP: 25/27 MP: 2/2
   587 | D:3      | Reached ** piety under Trog
   725 | D:3      | Reached XP level 3. HP: 25/33 MP: 3/3
  1256 | D:4      | Noticed a slave
  1256 | D:4      | Noticed a slave
  1257 | D:4      | Noticed Pikel
  1259 | D:4      | Noticed a slave
  1270 | D:4      | Noticed a slave
  1280 | D:4      | Killed Pikel
  1280 | D:4      | Reached skill level 5 in Maces & Flails
  1280 | D:4      | Reached skill level 1 in Shields
  1280 | D:4      | Reached XP level 4. HP: 10/44 MP: 4/4
  1280 | D:4      | Reached XP level 5. HP: 11/50 MP: 5/5
  1280 | D:4      | Reached XP level 6. HP: 13/57 MP: 6/6
  1280 | D:4      | Reached XP level 7. HP: 14/63 MP: 7/7
  1470 | D:4      | Reached skill level 1 in Axes
  1524 | D:4      | Fell from the grace of Trog
  1524 | D:4      | Became a worshipper of Beogh the Brigand
  1543 | D:4      | Noticed Eustachio
  1560 | D:4      | Killed Eustachio
  1637 | D:4      | Found a hide-covered altar of Uskayaw.
  2218 | D:4      | Found Bumaqa's Assorted Antiques.
  2659 | D:4      | You fall through a shaft for 2 floors!
  2773 | D:6      | Reached XP level 8. HP: 62/71 MP: 8/8
  2875 | D:6      | Found a bloodstained altar of Trog.
  2878 | D:6      | Found a sacrificial altar of Ru.
  3194 | D:6      | Found a staircase to the Ecumenical Temple.
  3222 | Temple   | Entered the Ecumenical Temple
  3307 | Temple   | Fell from the grace of Beogh
  3307 | Temple   | Became a worshipper of the Shining One
  3352 | D:5      | Entered Level 5 of the Dungeon
  3444 | D:5      | Noticed a +1 spear of electrocution
  3450 | D:5      | Killed a +1 spear of electrocution
  3517 | D:5      | Noticed an orc warlord
  3517 | D:5      | Noticed an orc sorcerer
  3517 | D:5      | Noticed a troll
  3517 | D:5      | Noticed an orc sorcerer
  3520 | D:5      | Noticed an orange demon
  3563 | D:6      | Noticed a polar bear
  3563 | D:6      | Noticed a polar bear
  3573 | D:6      | HP: 2/73 [polar bear[the rage of Trog] (4)]
  3575 | D:6      | Demolished by a polar bear

Skill      XL: |  1  2  3  4  5  6  7  8 |
---------------+-------------------------+-----
Fighting       | 4 6 7 |  7.1
Dodging        | 2 3 |  3.1
Maces & Flails | 5 6 7 |  7.0
Shields        | 1 2 |  2.7
Armour         | 3 4 |  4.3
Axes           | 1 |  1.2
Stealth        | |  0.2
Evocations     | |  0.6

Action                   |  1- 3 |  4- 6 |  7- 9 || total
-------------------------+-------+-------+-------++-------
Melee: Mace              |    51 |       |       ||    51
       Hand axe          |     6 |       |       ||     6
       Flail             |    27 |       |       ||    27
       Whip              |       |       |   145 ||   145
Invok: Berserk           |     2 |       |       ||     2
       Convert to Beogh  |       |       |     1 ||     1
  Use: Potion            |       |       |     5 ||     5
       Scroll            |       |       |    10 ||    10
 Stab: Sleeping          |     1 |       |       ||     1
  Eat: Ration            |     1 |       |     2 ||     3
Armor: Animal skin       |    15 |       |       ||    15
       Robe              |     1 |       |       ||     1
       Chain mail        |     8 |       |    52 ||    60
Dodge: Dodged            |    38 |       |    16 ||    54
Block: Large shield      |    13 |       |    75 ||    88
